[ AOE2 MATCH · #491645787 ]
UnrankedPersians vs Persians
[ REPLAY ANALYSIS · EXTRACTED FROM THE RECORDED GAME ]
Feudal
9:24
Castle
21:16
Imperial
33:51
| APM avg | 35.7 |
| APM peak | 67 |
| eAPM avg | 18.8 |
| Villagers / military | 167 / 92 |
Focus
⚔️ 24.9% · 🌾 75.1%
Knight ×80 · Scout Cavalry ×9 · Trebuchet (Packed) ×3
Feudal
12:51
Castle
17:38
Imperial
32:37
| APM avg | 29.2 |
| APM peak | 66 |
| eAPM avg | 17.0 |
| Villagers / military | 159 / 63 |
Focus
⚔️ 19.4% · 🌾 80.6%
Knight ×59 · Trade Cart ×9 · Unknown (2626) ×5 · Fire Galley ×3 · Fishing Ship ×2 · Monk ×1
Feudal
12:03
Castle
16:24
Imperial
29:18
| APM avg | 30.0 |
| APM peak | 70 |
| eAPM avg | 18.6 |
| Villagers / military | 122 / 137 |
Focus
⚔️ 29.9% · 🌾 70.1%
Knight ×131 · Fishing Ship ×12 · Fire Galley ×6
Feudal
9:15
Castle
22:53
Imperial
41:34
| APM avg | 52.0 |
| APM peak | 108 |
| eAPM avg | 23.3 |
| Villagers / military | 226 / 183 |
Focus
⚔️ 42.8% · 🌾 57.2%
Cavalry Archer ×146 · Archer ×25 · Skirmisher ×9 · Monk ×1 · Spearman ×1 · Scout Cavalry ×1
Feudal
11:04
Castle
17:46
Imperial
37:24
| APM avg | 28.9 |
| APM peak | 66 |
| eAPM avg | 15.2 |
| Villagers / military | 120 / 78 |
Focus
⚔️ 25.6% · 🌾 74.4%
Archer ×59 · Fire Lancer ×12 · Fishing Ship ×5 · Trebuchet (Packed) ×4 · Fire Galley ×2 · Monk ×1
Feudal
11:43
Castle
15:44
Imperial
31:17
| APM avg | 17.8 |
| APM peak | 59 |
| eAPM avg | 12.9 |
| Villagers / military | 131 / 214 |
Focus
⚔️ 32.7% · 🌾 67.3%
Scout Cavalry ×182 · Obuch ×20 · Knight ×12
Feudal
10:31
Castle
14:26
Imperial
36:40
| APM avg | 48.7 |
| APM peak | 108 |
| eAPM avg | 27.4 |
| Villagers / military | 185 / 181 |
Focus
⚔️ 34.9% · 🌾 65.1%
Spearman ×93 · Genoese Crossbowman ×77 · Mangonel ×6 · Archer ×5
Feudal
8:01
Castle
23:49
Imperial
39:43
| APM avg | 36.8 |
| APM peak | 66 |
| eAPM avg | 21.1 |
| Villagers / military | 109 / 108 |
Focus
⚔️ 36.3% · 🌾 63.7%
Mangudai ×76 · Archer ×20 · Trebuchet (Packed) ×10 · Mangonel ×2
Match map
Initial resources + every placement click. Lines = walls · curves = elevation contours. ◆ gold · ⬟ stone · ● berries · ✦ relic · ◌ wall gap
Your base· Open — unwalled flank
Ancalagon's base· Open — unwalled flank
deju30's base· Open — unwalled flank
Leakan's base· Open — unwalled flank
w h i z.'s base· Open — unwalled flank
[AJJRR] Minillop's base· Open — unwalled flank
Potatismannen's base· Open — unwalled flank
sebas0995932's base· Open — unwalled flank
Smoothed initial terrain · ◌ = detected wall gap · hover for details
Inputs per minute
— Supernatural Puttato - - Ancalagon
Build order — Supernatural Puttato
First 150 of 449 actions detected
| 0:01 | Create | Villager (Male) |
| 0:01 | Create | Villager (Male) |
| 0:02 | Build | House |
| 0:04 | Build | House |
| 0:19 | Create | Villager (Male) |
| 0:20 | Create | Villager (Male) |
| 0:33 | Create | Villager (Male) |
| 1:44 | Create | Villager (Male) |
| 2:23 | Create | Villager (Male) |
| 2:38 | Build | Lumber Camp |
| 2:58 | Create | Villager (Male) |
| 2:59 | Create | Villager (Male) |
| 3:04 | Create | Villager (Male) |
| 3:48 | Create | Villager (Male) |
| 3:48 | Create | Villager (Male) |
| 4:06 | Build | House |
| 4:07 | Build | House |
| 4:23 | Build | Mill |
| 4:49 | Create | Villager (Male) |
| 4:49 | Create | Villager (Male) |
| 5:27 | Create | Villager (Male) |
| 5:27 | Create | Villager (Male) |
| 5:38 | Create | Villager (Male) |
| 5:38 | Create | Villager (Male) |
| 6:39 | Create | Villager (Male) |
| 6:39 | Create | Villager (Male) |
| 6:56 | Research | Loom |
| 7:03 | Create | Villager (Male) |
| 7:20 | Research | Feudal Age |
| 8:39 | Build | Barracks |
| 9:03 | Create | Villager (Male) |
| 9:03 | Create | Villager (Male) |
| 9:24 | Age | Feudal Age |
| 9:35 | Create | Villager (Male) |
| 9:41 | Build | Stable |
| 9:47 | Create | Villager (Male) |
| 10:01 | Create | Villager (Male) |
| 10:12 | Build | Blacksmith |
| 10:18 | Create | Villager (Male) |
| 10:29 | Build | Palisade Gate |
| 10:36 | Create | Villager (Male) |
| 10:39 | Create | Scout Cavalry |
| 10:39 | Create | Scout Cavalry |
| 10:39 | Create | Scout Cavalry |
| 11:07 | Build | House |
| 11:20 | Create | Scout Cavalry |
| 11:20 | Create | Scout Cavalry |
| 11:26 | Build | Palisade Wall |
| 11:39 | Create | Villager (Male) |
| 11:46 | Build | Farm |
| 11:56 | Build | Farm |
| 12:02 | Build | Farm |
| 12:04 | Create | Villager (Male) |
| 12:08 | Build | Farm |
| 12:14 | Build | House |
| 12:20 | Build | House |
| 12:21 | Build | House |
| 12:24 | Build | Palisade Wall |
| 12:31 | Create | Villager (Male) |
| 12:34 | Create | Scout Cavalry |
| 12:51 | Create | Villager (Male) |
| 13:00 | Research | Scale Barding Armor |
| 13:01 | Build | Farm |
| 13:02 | Build | Farm |
| 13:05 | Build | Farm |
| 13:06 | Create | Villager (Male) |
| 13:15 | Create | Villager (Male) |
| 13:23 | Create | Scout Cavalry |
| 13:37 | Create | Scout Cavalry |
| 14:02 | Create | Villager (Male) |
| 14:18 | Build | Gate |
| 14:20 | Create | Villager (Male) |
| 14:24 | Build | Mining Camp |
| 14:27 | Create | Villager (Male) |
| 14:31 | Build | Farm |
| 14:32 | Build | Farm |
| 14:34 | Build | Farm |
| 14:35 | Build | Farm |
| 14:39 | Build | Farm |
| 14:59 | Create | Villager (Male) |
| 15:02 | Create | Scout Cavalry |
| 15:21 | Build | Market |
| 15:24 | Create | Villager (Male) |
| 15:29 | Create | Villager (Male) |
| 15:41 | Create | Villager (Male) |
| 15:56 | Build | House |
| 16:07 | Build | Farm |
| 16:07 | Build | Farm |
| 16:08 | Build | Farm |
| 16:20 | Research | Double-Bit Axe |
| 16:29 | Research | Horse Collar |
| 17:21 | Create | Villager (Male) |
| 17:38 | Build | Farm |
| 17:49 | Build | House |
| 18:28 | Create | Villager (Male) |
| 18:43 | Research | Castle Age |
| 19:22 | Create | Villager (Male) |
| 19:25 | Research | Wheelbarrow |
| 19:45 | Create | Villager (Male) |
| 19:46 | Create | Villager (Male) |
| 20:37 | Create | Villager (Male) |
| 21:16 | Age | Castle Age |
| 21:46 | Create | Villager (Male) |
| 21:49 | Build | Town Center |
| 21:54 | Build | Town Center |
| 22:03 | Build | Gate |
| 22:06 | Build | Stone Wall |
| 22:28 | Create | Villager (Male) |
| 22:29 | Create | Villager (Male) |
| 22:29 | Create | Villager (Male) |
| 22:44 | Create | Villager (Male) |
| 22:44 | Create | Villager (Male) |
| 22:52 | Build | Town Center |
| 22:56 | Build | Stable |
| 22:59 | Create | Villager (Male) |
| 23:02 | Build | Farm |
| 23:03 | Build | Farm |
| 23:03 | Build | Farm |
| 23:03 | Build | Farm |
| 23:03 | Build | Farm |
| 23:03 | Build | Farm |
| 23:12 | Build | Farm |
| 23:21 | Create | Villager (Male) |
| 23:22 | Create | Villager (Male) |
| 23:26 | Create | Villager (Male) |
| 23:27 | Create | Villager (Male) |
| 23:28 | Build | Farm |
| 23:28 | Build | Farm |
| 23:28 | Build | Farm |
| 23:31 | Create | Villager (Male) |
| 23:31 | Create | Villager (Male) |
| 24:00 | Create | Villager (Male) |
| 24:15 | Create | Villager (Male) |
| 24:15 | Create | Villager (Male) |
| 24:18 | Build | Farm |
| 24:22 | Build | Farm |
| 24:22 | Build | Farm |
| 24:24 | Create | Villager (Male) |
| 24:24 | Create | Villager (Male) |
| 24:28 | Research | Husbandry |
| 24:29 | Create | Knight |
| 24:30 | Create | Villager (Male) |
| 24:31 | Create | Villager (Male) |
| 24:35 | Build | Farm |
| 24:35 | Build | Farm |
| 24:36 | Build | Farm |
| 24:36 | Build | Farm |
| 24:39 | Create | Villager (Male) |
| 24:39 | Create | Villager (Male) |
| 24:48 | Build | Farm |
Build order — Ancalagon
First 150 of 425 actions detected
| 0:01 | Create | Villager (Male) |
| 0:01 | Create | Villager (Male) |
| 0:02 | Create | Villager (Male) |
| 0:03 | Build | House |
| 0:04 | Build | House |
| 0:39 | Create | Villager (Male) |
| 1:34 | Create | Villager (Male) |
| 1:54 | Create | Villager (Male) |
| 2:27 | Build | Lumber Camp |
| 2:31 | Create | Villager (Male) |
| 3:09 | Create | Villager (Male) |
| 3:09 | Create | Villager (Male) |
| 3:56 | Create | Villager (Male) |
| 4:03 | Build | House |
| 4:17 | Create | Villager (Male) |
| 4:38 | Build | Mill |
| 4:48 | Create | Villager (Male) |
| 5:01 | Create | Villager (Male) |
| 5:35 | Create | Villager (Male) |
| 5:47 | Create | Villager (Male) |
| 6:20 | Build | House |
| 6:24 | Create | Villager (Male) |
| 6:56 | Create | Villager (Male) |
| 6:56 | Create | Villager (Male) |
| 7:26 | Build | Mining Camp |
| 7:44 | Create | Villager (Male) |
| 7:56 | Create | Villager (Male) |
| 8:13 | Create | Villager (Male) |
| 8:31 | Build | House |
| 9:00 | Create | Villager (Male) |
| 9:03 | Build | House |
| 9:24 | Create | Villager (Male) |
| 9:46 | Create | Villager (Male) |
| 10:03 | Research | Loom |
| 10:04 | Research | Feudal Age |
| 10:08 | Build | Dock |
| 10:15 | Build | Palisade Wall |
| 10:46 | Create | Villager (Male) |
| 10:46 | Create | Villager (Male) |
| 10:52 | Build | Palisade Wall |
| 11:12 | Create | Fishing Ship |
| 11:14 | Create | Fishing Ship |
| 11:26 | Build | Farm |
| 11:37 | Build | Farm |
| 11:38 | Build | Farm |
| 11:41 | Build | Farm |
| 12:12 | Build | Farm |
| 12:51 | Age | Feudal Age |
| 13:03 | Build | Market |
| 13:22 | Create | Villager (Male) |
| 13:47 | Create | Villager (Male) |
| 14:00 | Build | Blacksmith |
| 14:31 | Build | Gate |
| 14:33 | Create | Villager (Male) |
| 14:37 | Research | Castle Age |
| 14:40 | Build | Farm |
| 14:42 | Build | Farm |
| 14:44 | Research | Horse Collar |
| 14:45 | Research | Double-Bit Axe |
| 14:58 | Build | House |
| 15:08 | Build | Farm |
| 15:12 | Build | House |
| 15:26 | Build | Stone Wall |
| 15:38 | Build | Mining Camp |
| 15:53 | Build | House |
| 15:56 | Create | Fire Galley |
| 16:08 | Build | Stone Wall |
| 16:27 | Create | Fire Galley |
| 16:30 | Build | House |
| 16:47 | Research | Gold Mining |
| 16:48 | Research | Stone Mining |
| 17:16 | Build | House |
| 17:33 | Create | Villager (Male) |
| 17:33 | Create | Villager (Male) |
| 17:38 | Age | Castle Age |
| 17:45 | Build | Town Center |
| 18:09 | Build | Town Center |
| 18:32 | Build | Outpost |
| 18:34 | Create | Villager (Male) |
| 18:34 | Create | Villager (Male) |
| 18:34 | Create | Villager (Male) |
| 18:37 | Build | Farm |
| 18:40 | Build | Farm |
| 18:41 | Create | Villager (Male) |
| 18:41 | Create | Villager (Male) |
| 18:42 | Create | Villager (Male) |
| 18:54 | Build | Farm |
| 18:57 | Create | Villager (Male) |
| 18:57 | Create | Villager (Male) |
| 18:57 | Create | Villager (Male) |
| 18:58 | Create | Villager (Male) |
| 19:01 | Build | House |
| 19:10 | Build | Farm |
| 19:14 | Create | Villager (Male) |
| 19:22 | Build | Farm |
| 19:36 | Create | Villager (Male) |
| 19:41 | Build | Farm |
| 19:45 | Build | Farm |
| 19:48 | Build | Farm |
| 19:52 | Create | Villager (Male) |
| 19:55 | Build | House |
| 20:06 | Create | Villager (Male) |
| 20:08 | Build | Farm |
| 20:14 | Create | Villager (Male) |
| 20:18 | Build | Farm |
| 20:21 | Build | Farm |
| 20:22 | Create | Villager (Male) |
| 20:36 | Create | Villager (Male) |
| 20:50 | Build | Town Center |
| 20:51 | Create | Villager (Male) |
| 20:59 | Build | Outpost |
| 21:02 | Create | Villager (Male) |
| 21:02 | Create | Villager (Male) |
| 21:02 | Create | Villager (Male) |
| 21:02 | Create | Villager (Male) |
| 21:03 | Create | Villager (Male) |
| 21:06 | Build | Farm |
| 21:08 | Build | Farm |
| 21:10 | Create | Villager (Male) |
| 21:21 | Create | Fire Galley |
| 21:22 | Create | Villager (Male) |
| 21:29 | Build | Farm |
| 21:40 | Create | Villager (Male) |
| 21:42 | Create | Villager (Male) |
| 21:42 | Create | Villager (Male) |
| 21:48 | Create | Villager (Male) |
| 21:56 | Create | Villager (Male) |
| 22:10 | Build | Donjon |
| 22:12 | Create | Villager (Male) |
| 22:28 | Create | Villager (Male) |
| 22:31 | Create | Villager (Male) |
| 22:31 | Create | Villager (Male) |
| 22:37 | Build | Farm |
| 22:38 | Create | Villager (Male) |
| 22:40 | Build | Lumber Camp |
| 22:42 | Build | Farm |
| 22:45 | Build | Farm |
| 22:48 | Build | Farm |
| 22:49 | Create | Villager (Male) |
| 22:50 | Build | Farm |
| 22:51 | Create | Villager (Male) |
| 22:56 | Build | Mill |
| 22:56 | Build | Farm |
| 22:57 | Build | Farm |
| 22:57 | Build | Farm |
| 22:57 | Build | Farm |
| 22:57 | Build | Farm |
| 22:57 | Build | Farm |
| 23:02 | Create | Villager (Male) |
| 23:03 | Create | Villager (Male) |
Build order — deju30
First 150 of 419 actions detected
| 0:00 | Create | Villager (Male) |
| 0:01 | Create | Villager (Male) |
| 0:01 | Create | Villager (Male) |
| 0:02 | Build | House |
| 0:03 | Build | House |
| 0:15 | Create | Villager (Male) |
| 0:16 | Create | Villager (Male) |
| 1:25 | Create | Villager (Male) |
| 2:10 | Build | Lumber Camp |
| 2:20 | Create | Villager (Male) |
| 2:20 | Create | Villager (Male) |
| 3:09 | Create | Villager (Male) |
| 3:21 | Build | House |
| 3:27 | Create | Villager (Male) |
| 4:00 | Create | Villager (Male) |
| 4:09 | Build | Dock |
| 4:24 | Research | Loom |
| 4:46 | Create | Villager (Male) |
| 4:51 | Create | Fishing Ship |
| 5:11 | Create | Villager (Male) |
| 5:24 | Build | House |
| 5:26 | Create | Fishing Ship |
| 5:34 | Create | Villager (Male) |
| 5:39 | Create | Fishing Ship |
| 5:59 | Create | Villager (Male) |
| 6:15 | Create | Fishing Ship |
| 6:25 | Create | Villager (Male) |
| 6:25 | Create | Villager (Male) |
| 6:40 | Build | House |
| 6:49 | Create | Villager (Male) |
| 7:12 | Create | Fishing Ship |
| 7:26 | Create | Villager (Male) |
| 7:38 | Build | Mill |
| 7:45 | Create | Villager (Male) |
| 7:45 | Create | Villager (Male) |
| 7:55 | Build | House |
| 8:29 | Create | Fishing Ship |
| 8:34 | Create | Villager (Male) |
| 8:55 | Build | Lumber Camp |
| 8:59 | Create | Villager (Male) |
| 9:16 | Create | Fishing Ship |
| 9:29 | Build | House |
| 9:31 | Create | Villager (Male) |
| 9:54 | Research | Feudal Age |
| 10:00 | Build | Mining Camp |
| 10:16 | Create | Fishing Ship |
| 10:53 | Build | Dock |
| 11:08 | Create | Fishing Ship |
| 11:22 | Build | House |
| 11:40 | Create | Fishing Ship |
| 11:57 | Build | House |
| 12:03 | Age | Feudal Age |
| 12:12 | Research | Double-Bit Axe |
| 12:15 | Research | Wheelbarrow |
| 12:36 | Build | Blacksmith |
| 13:06 | Build | Market |
| 13:11 | Create | Fishing Ship |
| 13:24 | Create | Villager (Male) |
| 13:45 | Create | Fishing Ship |
| 13:58 | Research | Castle Age |
| 14:15 | Research | Horse Collar |
| 14:18 | Research | Tech 906 |
| 14:53 | Build | Dock |
| 16:24 | Age | Castle Age |
| 16:25 | Create | Villager (Male) |
| 16:26 | Create | Villager (Male) |
| 16:31 | Build | Town Center |
| 16:45 | Build | Town Center |
| 16:49 | Create | Villager (Male) |
| 16:52 | Research | Bow Saw |
| 17:04 | Build | Town Center |
| 17:10 | Build | House |
| 17:11 | Build | House |
| 17:12 | Build | House |
| 17:35 | Create | Villager (Male) |
| 17:35 | Create | Villager (Male) |
| 17:35 | Create | Villager (Male) |
| 17:36 | Create | Villager (Male) |
| 17:37 | Create | Villager (Male) |
| 17:37 | Create | Villager (Male) |
| 18:00 | Build | Palisade Wall |
| 18:09 | Create | Villager (Male) |
| 18:10 | Create | Villager (Male) |
| 18:10 | Create | Villager (Male) |
| 18:26 | Create | Villager (Male) |
| 18:26 | Create | Villager (Male) |
| 18:27 | Create | Villager (Male) |
| 19:20 | Create | Villager (Male) |
| 19:20 | Create | Villager (Male) |
| 19:21 | Create | Villager (Male) |
| 19:45 | Create | Villager (Male) |
| 19:46 | Create | Villager (Male) |
| 19:50 | Create | Villager (Male) |
| 20:00 | Build | Farm |
| 20:00 | Build | Farm |
| 20:01 | Build | Farm |
| 20:02 | Build | Farm |
| 20:03 | Build | Farm |
| 20:04 | Create | Villager (Male) |
| 20:07 | Create | Villager (Male) |
| 20:07 | Create | Villager (Male) |
| 20:09 | Create | Villager (Male) |
| 20:10 | Create | Villager (Male) |
| 20:18 | Build | Farm |
| 20:19 | Build | Farm |
| 20:20 | Build | Farm |
| 20:25 | Build | Farm |
| 20:25 | Build | Farm |
| 20:26 | Build | Farm |
| 20:27 | Build | Farm |
| 20:28 | Build | Farm |
| 20:31 | Build | Farm |
| 20:37 | Build | Farm |
| 20:39 | Build | Farm |
| 20:40 | Build | Farm |
| 20:41 | Create | Villager (Male) |
| 20:41 | Create | Villager (Male) |
| 20:46 | Build | Farm |
| 20:46 | Build | Farm |
| 20:47 | Build | Farm |
| 20:49 | Create | Villager (Male) |
| 20:50 | Create | Villager (Male) |
| 20:50 | Create | Villager (Male) |
| 21:12 | Create | Fire Galley |
| 21:12 | Create | Fire Galley |
| 21:32 | Build | House |
| 21:33 | Build | House |
| 21:36 | Build | House |
| 21:40 | Create | Villager (Male) |
| 21:40 | Create | Villager (Male) |
| 21:46 | Build | Farm |
| 21:50 | Build | Farm |
| 21:52 | Build | Farm |
| 21:53 | Create | Villager (Male) |
| 21:53 | Create | Villager (Male) |
| 21:56 | Create | Villager (Male) |
| 21:57 | Create | Villager (Male) |
| 21:57 | Create | Villager (Male) |
| 22:16 | Create | Villager (Male) |
| 22:16 | Create | Villager (Male) |
| 22:17 | Create | Villager (Male) |
| 22:17 | Create | Villager (Male) |
| 22:17 | Create | Villager (Male) |
| 22:19 | Build | Farm |
| 22:21 | Build | Farm |
| 22:22 | Build | Farm |
| 22:24 | Build | Farm |
| 22:26 | Build | Farm |
| 22:27 | Build | Farm |
| 22:28 | Create | Villager (Male) |
Build order — Leakan
First 150 of 485 actions detected
| 0:00 | Create | Villager (Male) ×4 |
| 0:00 | Create | Villager (Male) ×4 |
| 0:02 | Build | House |
| 0:03 | Build | House |
| 1:24 | Create | Villager (Male) |
| 1:49 | Create | Villager (Male) |
| 2:19 | Create | Villager (Male) |
| 2:26 | Build | Lumber Camp |
| 2:51 | Create | Villager (Male) |
| 2:55 | Create | Villager (Male) |
| 3:31 | Create | Villager (Male) |
| 3:48 | Build | House |
| 3:50 | Build | House |
| 3:56 | Create | Villager (Male) |
| 4:23 | Create | Villager (Male) |
| 4:23 | Create | Villager (Male) |
| 5:10 | Build | Mill |
| 5:16 | Create | Villager (Male) |
| 5:17 | Create | Villager (Male) |
| 5:18 | Create | Villager (Male) |
| 5:20 | Create | Villager (Male) |
| 5:43 | Research | Loom |
| 6:01 | Create | Villager (Male) |
| 6:01 | Create | Villager (Male) |
| 6:59 | Research | Feudal Age |
| 6:59 | Research | Feudal Age |
| 7:40 | Create | Villager (Male) |
| 8:03 | Build | Barracks |
| 8:10 | Build | House |
| 9:15 | Age | Feudal Age |
| 9:24 | Build | Archery Range |
| 9:33 | Build | House |
| 9:42 | Create | Villager (Male) |
| 9:42 | Create | Villager (Male) |
| 9:45 | Research | Double-Bit Axe |
| 9:45 | Research | Double-Bit Axe |
| 9:51 | Build | Palisade Wall |
| 9:58 | Build | Palisade Wall |
| 9:59 | Create | Villager (Male) |
| 10:01 | Create | Spearman |
| 10:14 | Create | Archer |
| 10:15 | Create | Villager (Male) |
| 10:15 | Create | Villager (Male) |
| 10:15 | Create | Villager (Male) |
| 10:15 | Create | Villager (Male) |
| 10:16 | Create | Villager (Male) |
| 10:16 | Create | Villager (Male) |
| 10:40 | Build | Watch Tower |
| 10:47 | Create | Skirmisher |
| 10:47 | Create | Villager (Male) |
| 10:48 | Create | Villager (Male) |
| 10:49 | Create | Villager (Male) |
| 11:10 | Build | Mining Camp |
| 11:29 | Create | Skirmisher |
| 11:32 | Build | House |
| 11:33 | Build | Palisade Wall |
| 11:43 | Create | Villager (Male) |
| 11:43 | Create | Villager (Male) |
| 11:52 | Research | Horse Collar |
| 11:55 | Create | Villager (Male) |
| 11:55 | Create | Villager (Male) |
| 12:05 | Create | Archer |
| 12:07 | Create | Villager (Male) |
| 12:17 | Create | Villager (Male) |
| 12:17 | Create | Villager (Male) |
| 12:41 | Build | Blacksmith |
| 13:02 | Create | Skirmisher |
| 13:02 | Create | Skirmisher |
| 13:11 | Build | House |
| 13:12 | Build | House |
| 13:21 | Build | House |
| 13:24 | Build | Palisade Wall |
| 13:26 | Build | House |
| 13:30 | Build | Palisade Wall |
| 13:32 | Build | House |
| 13:34 | Build | Palisade Wall |
| 13:35 | Create | Villager (Male) |
| 13:37 | Create | Archer |
| 13:37 | Create | Archer |
| 13:37 | Create | Archer |
| 13:57 | Create | Villager (Male) |
| 14:03 | Research | Fletching |
| 14:07 | Build | Farm |
| 14:07 | Build | Farm |
| 14:07 | Build | Farm |
| 14:08 | Build | Farm |
| 14:13 | Build | Farm |
| 14:15 | Create | Archer |
| 14:51 | Create | Archer |
| 15:03 | Build | Farm |
| 15:06 | Build | Farm |
| 15:07 | Build | Farm |
| 15:08 | Create | Villager (Male) |
| 15:10 | Build | Farm |
| 15:13 | Build | Farm |
| 15:13 | Create | Villager (Male) |
| 15:28 | Build | Lumber Camp |
| 15:41 | Create | Villager (Male) |
| 15:47 | Build | Farm |
| 15:48 | Build | Farm |
| 15:50 | Create | Archer |
| 15:59 | Build | Palisade Gate |
| 16:01 | Build | House |
| 16:05 | Build | Palisade Wall |
| 16:07 | Create | Villager (Male) |
| 16:10 | Build | House |
| 16:16 | Build | House |
| 16:27 | Build | Palisade Wall |
| 16:27 | Create | Villager (Male) |
| 16:28 | Create | Archer |
| 16:29 | Create | Archer |
| 16:40 | Create | Villager (Male) |
| 16:41 | Create | Villager (Male) |
| 16:47 | Create | Archer |
| 16:48 | Create | Archer |
| 16:48 | Create | Archer |
| 17:21 | Create | Archer |
| 17:21 | Create | Archer |
| 17:27 | Build | Mining Camp |
| 17:27 | Create | Villager (Male) |
| 17:29 | Create | Villager (Male) |
| 17:31 | Create | Archer |
| 17:31 | Create | Archer |
| 18:33 | Create | Villager (Male) |
| 18:33 | Create | Villager (Male) |
| 18:36 | Build | Farm |
| 18:37 | Build | Farm |
| 18:40 | Build | Market |
| 18:42 | Create | Villager (Male) |
| 18:50 | Create | Villager (Male) |
| 18:55 | Create | Archer |
| 18:59 | Create | Villager (Male) |
| 19:01 | Create | Archer |
| 19:01 | Create | Archer |
| 19:02 | Create | Archer |
| 19:33 | Build | Archery Range |
| 19:35 | Build | Archery Range |
| 20:02 | Build | Mining Camp |
| 20:04 | Create | Villager (Male) |
| 20:13 | Research | Castle Age |
| 20:13 | Research | Castle Age |
| 20:44 | Build | House |
| 20:45 | Build | House |
| 20:46 | Build | House |
| 20:48 | Build | House |
| 20:51 | Build | House |
| 20:53 | Build | House |
| 20:54 | Build | House |
| 21:03 | Create | Villager (Male) |
| 21:03 | Create | Villager (Male) |
Build order — w h i z.
First 150 of 345 actions detected
| 0:02 | Create | Villager (Male) |
| 0:02 | Create | Villager (Male) |
| 0:03 | Create | Villager (Male) |
| 0:04 | Build | House |
| 0:06 | Build | House |
| 0:20 | Create | Villager (Male) |
| 1:34 | Create | Villager (Male) |
| 2:06 | Build | Lumber Camp |
| 2:08 | Create | Villager (Male) |
| 2:29 | Create | Villager (Male) |
| 2:46 | Create | Villager (Male) |
| 3:04 | Build | House |
| 3:16 | Create | Villager (Male) |
| 3:46 | Create | Villager (Male) |
| 4:10 | Create | Villager (Male) |
| 4:38 | Create | Villager (Male) |
| 5:06 | Build | Dock |
| 5:13 | Create | Villager (Male) |
| 5:26 | Build | House |
| 5:43 | Create | Villager (Male) |
| 5:49 | Create | Fishing Ship |
| 6:20 | Create | Villager (Male) |
| 6:24 | Create | Villager (Male) |
| 6:32 | Create | Fishing Ship |
| 7:00 | Build | House |
| 7:04 | Create | Villager (Male) |
| 7:22 | Create | Fishing Ship |
| 7:39 | Create | Villager (Male) |
| 7:41 | Create | Villager (Male) |
| 8:08 | Research | Loom |
| 8:10 | Build | Mining Camp |
| 8:16 | Research | Feudal Age |
| 8:49 | Create | Fishing Ship |
| 8:59 | Build | House |
| 9:49 | Build | Barracks |
| 10:49 | Create | Villager (Male) |
| 10:50 | Create | Villager (Male) |
| 11:04 | Age | Feudal Age |
| 11:05 | Research | Double-Bit Axe |
| 11:09 | Build | Archery Range |
| 11:28 | Build | House |
| 11:30 | Build | House |
| 11:48 | Build | Archery Range |
| 11:57 | Create | Villager (Male) |
| 12:04 | Create | Fire Galley |
| 12:14 | Create | Villager (Male) |
| 12:15 | Create | Archer |
| 12:26 | Create | Archer |
| 12:30 | Create | Villager (Male) |
| 12:38 | Build | Mill |
| 12:43 | Create | Archer |
| 12:55 | Create | Villager (Male) |
| 12:59 | Create | Fire Galley |
| 13:15 | Create | Villager (Male) |
| 13:22 | Build | House |
| 13:25 | Create | Archer |
| 13:39 | Build | Blacksmith |
| 13:59 | Create | Villager (Male) |
| 14:03 | Build | House |
| 14:08 | Create | Archer |
| 14:10 | Create | Archer |
| 14:29 | Create | Villager (Male) |
| 14:31 | Create | Fishing Ship |
| 14:44 | Create | Archer |
| 14:44 | Create | Archer |
| 15:06 | Research | Castle Age |
| 15:09 | Create | Archer |
| 15:25 | Build | Lumber Camp |
| 15:32 | Create | Archer |
| 15:41 | Create | Archer |
| 16:07 | Research | Fletching |
| 16:16 | Research | Gold Mining |
| 16:40 | Research | Horse Collar |
| 16:41 | Create | Archer |
| 16:42 | Create | Archer |
| 16:47 | Build | House |
| 16:59 | Create | Archer |
| 17:31 | Create | Archer |
| 17:36 | Create | Villager (Male) |
| 17:46 | Age | Castle Age |
| 17:50 | Research | Bow Saw |
| 17:56 | Build | Town Center |
| 18:03 | Build | University |
| 18:10 | Create | Villager (Male) |
| 18:15 | Build | Farm |
| 18:40 | Research | Crossbowman (upgrade) |
| 18:48 | Build | Farm |
| 18:50 | Build | Farm |
| 18:53 | Create | Archer |
| 19:07 | Create | Villager (Male) |
| 19:09 | Build | Farm |
| 19:12 | Build | Farm |
| 19:18 | Create | Villager (Male) |
| 19:58 | Research | Ballistics |
| 20:06 | Create | Archer |
| 20:06 | Create | Archer |
| 20:09 | Research | Town Watch |
| 20:46 | Research | Bodkin Arrow |
| 20:48 | Create | Villager (Male) |
| 20:59 | Create | Villager (Male) |
| 21:00 | Create | Villager (Male) |
| 21:03 | Create | Archer |
| 21:18 | Create | Villager (Male) |
| 21:43 | Build | Farm |
| 21:43 | Build | Farm |
| 21:44 | Build | Farm |
| 21:47 | Create | Villager (Male) |
| 21:52 | Build | Town Center |
| 22:10 | Create | Villager (Male) |
| 22:11 | Create | Villager (Male) |
| 22:25 | Create | Villager (Male) |
| 22:26 | Create | Villager (Male) |
| 22:34 | Create | Villager (Male) |
| 22:36 | Build | Farm |
| 22:37 | Build | Farm |
| 22:44 | Build | Lumber Camp |
| 22:53 | Build | Farm |
| 22:54 | Create | Villager (Male) |
| 22:56 | Build | Farm |
| 22:58 | Create | Archer |
| 23:00 | Create | Archer |
| 23:06 | Build | House |
| 23:07 | Build | House |
| 23:15 | Create | Villager (Male) |
| 23:21 | Build | House |
| 23:32 | Build | House |
| 23:38 | Create | Villager (Male) |
| 23:48 | Build | Farm |
| 23:49 | Build | Farm |
| 23:51 | Research | Heavy Plow |
| 23:52 | Create | Archer |
| 23:53 | Create | Archer |
| 23:53 | Create | Villager (Male) |
| 24:03 | Build | Mining Camp |
| 24:09 | Create | Villager (Male) |
| 24:11 | Build | Farm |
| 24:39 | Create | Archer |
| 24:39 | Create | Archer |
| 25:09 | Create | Archer |
| 25:10 | Create | Archer |
| 25:10 | Create | Archer |
| 25:12 | Create | Villager (Male) |
| 25:12 | Create | Villager (Male) |
| 25:29 | Create | Villager (Male) |
| 25:30 | Create | Villager (Male) |
| 25:31 | Build | Farm |
| 25:32 | Build | Farm |
| 25:44 | Build | House |
| 26:01 | Build | Town Center |
| 26:45 | Create | Archer |
Build order — [AJJRR] Minillop
First 150 of 285 actions detected
| 0:02 | Create | Villager (Male) |
| 0:02 | Create | Villager (Male) |
| 0:02 | Create | Villager (Male) |
| 0:03 | Build | House |
| 0:04 | Build | House |
| 0:09 | Create | Villager (Male) |
| 1:34 | Create | Villager (Male) |
| 1:55 | Create | Villager (Male) |
| 2:21 | Create | Villager (Male) |
| 2:40 | Create | Villager (Male) |
| 3:26 | Build | Lumber Camp |
| 3:41 | Create | Villager (Male) |
| 3:45 | Create | Villager (Male) |
| 3:46 | Create | Villager (Male) |
| 3:46 | Create | Villager (Male) |
| 4:51 | Create | Villager (Male) |
| 4:57 | Research | Loom |
| 5:00 | Build | House |
| 5:06 | Create | Villager (Male) |
| 5:07 | Create | Villager (Male) |
| 5:07 | Create | Villager (Male) |
| 5:15 | Build | House |
| 5:31 | Create | Villager (Male) |
| 5:31 | Create | Villager (Male) |
| 5:31 | Create | Villager (Male) |
| 6:31 | Build | Mill |
| 7:19 | Create | Villager (Male) |
| 7:19 | Create | Villager (Male) |
| 7:27 | Build | House |
| 7:48 | Build | Mining Camp |
| 8:17 | Create | Villager (Male) |
| 8:42 | Create | Villager (Male) |
| 8:42 | Create | Villager (Male) |
| 8:50 | Build | Mill |
| 9:33 | Research | Feudal Age |
| 10:19 | Build | House |
| 10:38 | Create | Villager (Male) |
| 10:38 | Create | Villager (Male) |
| 11:43 | Age | Feudal Age |
| 11:45 | Build | Market |
| 11:50 | Build | Blacksmith |
| 12:20 | Build | Farm |
| 12:50 | Build | Farm |
| 13:04 | Research | Castle Age |
| 13:19 | Research | Horse Collar |
| 13:48 | Build | Farm |
| 14:35 | Research | Double-Bit Axe |
| 14:36 | Research | Double-Bit Axe |
| 15:33 | Create | Villager (Male) |
| 15:33 | Create | Villager (Male) |
| 15:44 | Age | Castle Age |
| 15:47 | Build | Town Center |
| 15:58 | Build | Town Center |
| 16:26 | Research | Heavy Plow |
| 16:26 | Research | Heavy Plow |
| 16:33 | Build | Farm |
| 16:41 | Build | Farm |
| 16:57 | Create | Villager (Male) |
| 17:11 | Create | Villager (Male) |
| 17:18 | Create | Villager (Male) ×2 |
| 17:25 | Create | Villager (Male) |
| 17:27 | Create | Villager (Male) |
| 17:56 | Build | Town Center |
| 18:06 | Create | Villager (Male) |
| 18:32 | Build | Mill |
| 18:34 | Build | Farm |
| 18:35 | Build | Farm |
| 18:35 | Build | Farm |
| 18:35 | Build | Farm |
| 18:35 | Build | Farm |
| 18:37 | Build | Farm |
| 19:03 | Build | Farm |
| 19:05 | Create | Villager (Male) ×2 |
| 19:06 | Create | Villager (Male) |
| 19:24 | Create | Villager (Male) |
| 19:29 | Build | Farm |
| 19:32 | Build | Farm |
| 19:33 | Create | Villager (Male) ×2 |
| 19:35 | Create | Villager (Male) |
| 19:46 | Create | Villager (Male) |
| 20:01 | Build | Palisade Gate |
| 20:10 | Create | Villager (Male) ×3 |
| 20:26 | Create | Villager (Male) |
| 20:35 | Create | Villager (Male) |
| 20:40 | Create | Villager (Male) |
| 20:59 | Create | Villager (Male) |
| 21:15 | Build | Farm |
| 21:17 | Build | Farm |
| 21:19 | Create | Villager (Male) |
| 21:29 | Build | Farm |
| 21:30 | Create | Villager (Male) |
| 21:38 | Build | Castle |
| 21:53 | Create | Villager (Male) ×4 |
| 22:04 | Build | Mill |
| 22:06 | Build | Farm |
| 22:06 | Build | Farm |
| 22:07 | Build | Farm |
| 22:10 | Create | Villager (Male) ×2 |
| 22:12 | Create | Villager (Male) |
| 22:25 | Create | Villager (Male) |
| 22:31 | Build | University |
| 22:45 | Create | Villager (Male) ×3 |
| 22:59 | Research | Stone Mining |
| 23:00 | Create | Villager (Male) |
| 23:10 | Create | Villager (Male) |
| 23:10 | Create | Villager (Male) |
| 23:10 | Create | Villager (Male) |
| 23:10 | Create | Villager (Male) |
| 23:14 | Build | Farm |
| 23:17 | Build | Farm |
| 23:20 | Build | Farm |
| 23:21 | Create | Villager (Male) ×2 |
| 23:44 | Create | Villager (Male) ×5 |
| 23:45 | Create | Villager (Male) |
| 24:08 | Create | Villager (Male) ×2 |
| 24:11 | Create | Villager (Male) |
| 24:22 | Create | Villager (Male) |
| 24:22 | Create | Villager (Male) |
| 24:35 | Create | Villager (Male) |
| 24:50 | Build | Mill |
| 24:51 | Build | Farm |
| 24:51 | Build | Farm |
| 24:51 | Build | Farm |
| 24:51 | Build | Farm |
| 24:52 | Build | Farm |
| 24:52 | Build | Farm |
| 24:53 | Build | Farm |
| 24:53 | Build | Farm |
| 24:56 | Create | Villager (Male) ×2 |
| 24:57 | Create | Villager (Male) |
| 25:07 | Build | Mining Camp |
| 25:18 | Research | Ballistics |
| 25:19 | Create | Villager (Male) ×3 |
| 25:54 | Create | Villager (Male) ×5 |
| 25:54 | Create | Villager (Male) ×4 |
| 26:13 | Build | Farm |
| 26:16 | Build | Farm |
| 26:26 | Create | Villager (Male) ×5 |
| 26:35 | Build | Mill |
| 26:36 | Build | Farm |
| 26:36 | Build | Farm |
| 26:36 | Build | Farm |
| 26:37 | Build | Farm |
| 26:37 | Build | Farm |
| 26:37 | Build | Farm |
| 26:37 | Build | Farm |
| 26:53 | Research | Wheelbarrow |
| 26:55 | Research | Town Watch |
| 27:10 | Build | Castle |
| 27:23 | Build | House |
Build order — Potatismannen
First 150 of 520 actions detected
| 0:00 | Create | Villager (Male) |
| 0:01 | Create | Villager (Male) |
| 0:01 | Create | Villager (Male) |
| 0:03 | Build | House |
| 0:05 | Build | House |
| 0:21 | Create | Villager (Male) |
| 0:21 | Create | Villager (Male) |
| 1:23 | Create | Villager (Male) |
| 2:04 | Create | Villager (Male) |
| 2:04 | Create | Villager (Male) |
| 2:23 | Create | Villager (Male) |
| 2:23 | Create | Villager (Male) |
| 2:40 | Build | Lumber Camp |
| 2:54 | Create | Villager (Male) ×2 |
| 3:39 | Create | Villager (Male) ×2 |
| 3:39 | Create | Villager (Male) ×2 |
| 3:48 | Build | House |
| 3:58 | Build | House |
| 4:21 | Create | Villager (Male) ×2 |
| 4:22 | Create | Villager (Male) |
| 5:05 | Create | Villager (Male) |
| 5:05 | Create | Villager (Male) |
| 5:20 | Build | Mill |
| 5:48 | Create | Villager (Male) |
| 5:52 | Create | Villager (Male) |
| 6:05 | Create | Villager (Male) |
| 6:39 | Create | Villager (Male) |
| 6:47 | Create | Villager (Male) |
| 6:54 | Create | Villager (Male) |
| 7:16 | Create | Villager (Male) |
| 7:30 | Create | Villager (Male) |
| 7:30 | Create | Villager (Male) |
| 8:00 | Create | Villager (Male) |
| 8:07 | Research | Feudal Age |
| 8:23 | Create | Villager (Male) |
| 8:38 | Build | Mining Camp |
| 8:52 | Build | Farm |
| 9:25 | Create | Villager (Male) |
| 9:32 | Build | House |
| 10:09 | Create | Villager (Male) |
| 10:18 | Build | Palisade Gate |
| 10:31 | Age | Feudal Age |
| 10:34 | Build | Market |
| 10:39 | Build | Blacksmith |
| 10:52 | Research | Loom |
| 10:58 | Create | Villager (Male) |
| 11:17 | Build | Farm |
| 11:27 | Research | Castle Age |
| 11:44 | Build | Mining Camp |
| 11:47 | Create | Villager (Male) |
| 11:56 | Create | Villager (Male) |
| 12:04 | Create | Villager (Male) |
| 12:13 | Research | Double-Bit Axe |
| 13:02 | Create | Villager (Male) |
| 13:49 | Create | Villager (Male) |
| 14:06 | Create | Villager (Male) |
| 14:09 | Research | Horse Collar |
| 14:26 | Age | Castle Age |
| 14:28 | Build | House |
| 14:54 | Create | Villager (Male) |
| 14:57 | Create | Villager (Male) |
| 15:00 | Build | Farm |
| 15:05 | Create | Villager (Male) |
| 15:26 | Build | Castle |
| 15:29 | Create | Villager (Male) |
| 15:34 | Research | Bow Saw |
| 15:39 | Build | Farm |
| 16:01 | Build | Palisade Gate |
| 16:11 | Create | Villager (Male) |
| 16:22 | Research | Fletching |
| 16:28 | Create | Villager (Male) |
| 16:28 | Create | Villager (Male) |
| 16:33 | Build | Farm |
| 16:33 | Build | Farm |
| 16:33 | Build | Farm |
| 16:55 | Build | Farm |
| 16:56 | Build | Farm |
| 17:18 | Create | Genoese Crossbowman |
| 17:26 | Build | Lumber Camp |
| 17:28 | Create | Villager (Male) |
| 17:31 | Create | Villager (Male) |
| 18:05 | Build | Lumber Camp |
| 18:06 | Create | Villager (Male) |
| 18:25 | Create | Genoese Crossbowman |
| 18:32 | Research | Padded Archer Armor |
| 18:36 | Build | Farm |
| 18:36 | Build | Farm |
| 18:43 | Create | Genoese Crossbowman |
| 18:44 | Create | Genoese Crossbowman |
| 19:04 | Create | Genoese Crossbowman |
| 19:07 | Create | Villager (Male) |
| 19:07 | Create | Villager (Male) |
| 19:21 | Build | Barracks |
| 19:41 | Build | Gate |
| 19:46 | Create | Genoese Crossbowman |
| 19:48 | Create | Villager (Male) |
| 20:04 | Build | Stone Wall |
| 20:06 | Create | Genoese Crossbowman |
| 20:07 | Create | Genoese Crossbowman |
| 20:08 | Create | Villager (Male) |
| 20:08 | Create | Villager (Male) |
| 20:16 | Create | Spearman |
| 20:20 | Create | Villager (Male) |
| 20:29 | Build | Archery Range |
| 20:32 | Create | Villager (Male) |
| 20:35 | Create | Genoese Crossbowman |
| 20:56 | Build | Town Center |
| 20:59 | Create | Villager (Male) |
| 21:03 | Create | Genoese Crossbowman |
| 21:06 | Create | Villager (Male) |
| 21:06 | Create | Villager (Male) |
| 21:30 | Build | Siege Workshop |
| 21:33 | Create | Villager (Male) |
| 21:39 | Create | Genoese Crossbowman |
| 21:39 | Create | Genoese Crossbowman |
| 21:40 | Create | Villager (Male) |
| 21:51 | Create | Villager (Male) |
| 22:02 | Create | Villager (Male) |
| 22:17 | Create | Mangonel |
| 22:29 | Create | Villager (Male) |
| 22:29 | Create | Villager (Male) |
| 22:33 | Build | House |
| 22:37 | Build | House |
| 22:41 | Build | House |
| 22:41 | Build | House |
| 22:42 | Build | House |
| 22:42 | Build | House |
| 22:43 | Build | House |
| 22:45 | Create | Villager (Male) |
| 22:59 | Build | House |
| 23:00 | Create | Villager (Male) |
| 23:01 | Create | Villager (Male) |
| 23:15 | Create | Villager (Male) |
| 23:18 | Create | Genoese Crossbowman |
| 23:35 | Create | Mangonel |
| 23:40 | Create | Villager (Male) |
| 23:53 | Build | Farm |
| 23:53 | Build | Farm |
| 23:53 | Build | Farm |
| 23:53 | Build | Farm |
| 23:53 | Build | Farm |
| 23:53 | Build | Farm |
| 23:54 | Build | Farm |
| 24:00 | Create | Villager (Male) |
| 24:17 | Create | Mangonel |
| 24:20 | Create | Villager (Male) |
| 24:20 | Create | Villager (Male) |
| 24:44 | Build | Town Center |
| 24:48 | Create | Villager (Male) |
| 24:49 | Create | Villager (Male) |
Build order — sebas0995932
First 150 of 367 actions detected
| 0:01 | Create | Villager (Male) |
| 0:01 | Create | Villager (Male) |
| 0:02 | Build | House |
| 0:04 | Build | House |
| 0:31 | Create | Villager (Male) |
| 0:42 | Create | Villager (Male) |
| 1:26 | Create | Villager (Male) |
| 1:55 | Build | Lumber Camp |
| 2:01 | Create | Villager (Male) |
| 2:22 | Build | House |
| 2:24 | Build | House |
| 2:29 | Create | Villager (Male) |
| 2:50 | Create | Villager (Male) |
| 2:50 | Create | Villager (Male) |
| 2:50 | Create | Villager (Male) |
| 3:10 | Create | Villager (Male) |
| 3:37 | Create | Villager (Male) |
| 3:56 | Create | Villager (Male) |
| 4:29 | Build | Mining Camp |
| 4:32 | Create | Villager (Male) |
| 4:39 | Create | Villager (Male) |
| 4:40 | Research | Loom |
| 5:30 | Research | Feudal Age |
| 6:23 | Create | Villager (Male) |
| 6:48 | Build | Barracks |
| 6:49 | Build | House |
| 7:59 | Create | Villager (Male) |
| 8:01 | Age | Feudal Age |
| 8:04 | Build | Archery Range |
| 8:14 | Build | Archery Range |
| 8:16 | Build | Palisade Wall |
| 8:28 | Build | House |
| 8:31 | Build | Palisade Wall |
| 8:33 | Build | Palisade Wall |
| 8:33 | Build | Palisade Wall |
| 8:43 | Build | Stone Wall |
| 8:48 | Create | Villager (Male) |
| 9:05 | Create | Villager (Male) |
| 9:13 | Build | Mill |
| 9:20 | Create | Archer |
| 9:20 | Create | Archer |
| 9:29 | Research | Double-Bit Axe |
| 9:29 | Research | Double-Bit Axe |
| 9:37 | Build | Stone Wall |
| 9:54 | Build | Stone Wall |
| 9:57 | Create | Villager (Male) |
| 9:59 | Create | Archer |
| 9:59 | Create | Archer |
| 9:59 | Create | Archer |
| 10:08 | Create | Villager (Male) |
| 10:26 | Create | Archer |
| 10:27 | Create | Archer |
| 10:50 | Build | Gate |
| 10:52 | Build | House |
| 10:53 | Build | House |
| 10:54 | Create | Villager (Male) |
| 10:55 | Create | Villager (Male) |
| 10:56 | Create | Archer |
| 10:56 | Create | Archer |
| 11:00 | Create | Villager (Male) |
| 11:02 | Create | Archer |
| 11:03 | Create | Archer |
| 11:14 | Build | House |
| 11:15 | Build | House |
| 11:46 | Create | Villager (Male) |
| 11:55 | Build | Palisade Wall |
| 12:21 | Create | Villager (Male) |
| 12:39 | Create | Archer |
| 12:43 | Create | Archer |
| 12:44 | Create | Archer |
| 12:51 | Build | House |
| 12:53 | Build | House |
| 12:57 | Create | Villager (Male) |
| 12:59 | Build | Blacksmith |
| 13:27 | Build | Farm |
| 13:30 | Create | Villager (Male) |
| 13:31 | Create | Archer |
| 13:57 | Create | Villager (Male) |
| 14:03 | Create | Villager (Male) |
| 14:08 | Build | House |
| 14:12 | Create | Villager (Male) |
| 14:13 | Research | Fletching |
| 14:15 | Research | Fletching |
| 14:15 | Research | Fletching |
| 14:16 | Research | Fletching |
| 14:20 | Create | Archer |
| 14:20 | Create | Archer |
| 14:20 | Create | Archer |
| 14:49 | Build | Mining Camp |
| 14:51 | Build | House |
| 14:53 | Build | House |
| 14:54 | Build | House |
| 14:58 | Build | Farm |
| 14:58 | Build | Farm |
| 15:03 | Create | Villager (Male) |
| 15:15 | Create | Archer |
| 15:15 | Create | Archer |
| 15:17 | Create | Villager (Male) |
| 15:41 | Build | Farm |
| 15:45 | Build | Farm |
| 15:46 | Research | Horse Collar |
| 15:46 | Research | Horse Collar |
| 15:46 | Research | Horse Collar |
| 16:01 | Create | Villager (Male) |
| 16:07 | Build | Farm |
| 16:09 | Build | Farm |
| 16:16 | Build | House |
| 16:17 | Build | House |
| 16:20 | Create | Villager (Male) |
| 16:40 | Build | Farm |
| 16:44 | Create | Villager (Male) |
| 17:00 | Research | Padded Archer Armor |
| 17:18 | Build | Stone Wall |
| 17:22 | Create | Villager (Male) |
| 17:34 | Create | Villager (Male) |
| 17:36 | Build | Farm |
| 17:46 | Build | Stone Wall |
| 17:50 | Build | Stone Wall |
| 18:37 | Build | House |
| 19:04 | Create | Villager (Male) |
| 19:05 | Create | Villager (Male) |
| 19:06 | Create | Villager (Male) |
| 19:19 | Build | Stone Wall |
| 19:21 | Build | Stone Wall |
| 19:31 | Create | Villager (Male) |
| 19:32 | Create | Villager (Male) |
| 19:36 | Build | Lumber Camp |
| 19:52 | Build | Gate |
| 20:06 | Build | Farm |
| 20:09 | Build | Market |
| 21:06 | Research | Castle Age |
| 21:07 | Research | Castle Age |
| 21:07 | Research | Castle Age |
| 22:05 | Create | Villager (Male) |
| 22:35 | Build | House |
| 22:36 | Build | House |
| 23:43 | Create | Villager (Male) |
| 23:49 | Age | Castle Age |
| 24:02 | Build | Castle |
| 24:16 | Create | Villager (Male) |
| 24:18 | Build | Siege Workshop |
| 24:20 | Create | Villager (Male) |
| 24:29 | Build | Palisade Wall |
| 24:31 | Build | House |
| 24:33 | Build | Palisade Wall |
| 24:58 | Create | Mangonel |
| 24:58 | Create | Mangonel |
| 25:09 | Build | Town Center |
| 25:15 | Create | Mangudai |
| 25:23 | Research | Bodkin Arrow |
Match timeline
| 4:09 | deju30 · first_building Dock |
| 5:06 | w h i z. · first_building Dock |
| 6:48 | sebas0995932 · first_building Barracks |
| 8:01 | sebas0995932 · age_up feudal |
| 8:03 | Leakan · first_building Barracks |
| 8:04 | sebas0995932 · first_building Archery Range |
| 8:16 | sebas0995932 · wall_segment Palisade Wall x1 |
| 8:31 | sebas0995932 · wall_segment Palisade Wall x1 |
| 8:33 | sebas0995932 · wall_segment Palisade Wall x1 |
| 8:33 | sebas0995932 · wall_segment Palisade Wall x1 |
| 8:39 | Supernatural Puttato · first_building Barracks |
| 8:43 | sebas0995932 · wall_segment Stone Wall x32 |
| 9:15 | Leakan · age_up feudal |
| 9:24 | Leakan · first_building Archery Range |
| 9:24 | Supernatural Puttato · age_up feudal |
| 9:37 | sebas0995932 · wall_segment Stone Wall x6 |
| 9:41 | Supernatural Puttato · first_building Stable |
| 9:49 | w h i z. · first_building Barracks |
| 9:51 | Leakan · wall_segment Palisade Wall x4 |
| 9:54 | sebas0995932 · wall_segment Stone Wall x17 |
| 9:58 | Leakan · wall_segment Palisade Wall x4 |
| 10:08 | Ancalagon · first_building Dock |
| 10:15 | Ancalagon · wall_segment Palisade Wall x5 |
| 10:31 | Potatismannen · age_up feudal |
| 10:52 | Ancalagon · wall_segment Palisade Wall x16 |
| 11:04 | w h i z. · age_up feudal |
| 11:09 | w h i z. · first_building Archery Range |
| 11:26 | Supernatural Puttato · wall_segment Palisade Wall x1 |
| 11:26 | Potatismannen · first_market_sell 100 stone |
| 11:33 | Leakan · wall_segment Palisade Wall x1 |
| 11:43 | [AJJRR] Minillop · age_up feudal |
| 11:55 | sebas0995932 · wall_segment Palisade Wall x8 |
| 12:03 | deju30 · age_up feudal |
| 12:24 | Supernatural Puttato · wall_segment Palisade Wall x1 |
| 12:37 | [AJJRR] Minillop · first_market_sell 100 stone |
| 12:40 | [AJJRR] Minillop · first_market_buy 100 food |
| 12:51 | Ancalagon · age_up feudal |
| 13:13 | Potatismannen · first_market_buy 100 stone |
| 13:24 | Leakan · wall_segment Palisade Wall x10 |
| 13:30 | Leakan · wall_segment Palisade Wall x7 |
| 13:34 | Leakan · wall_segment Palisade Wall x6 |
| 14:26 | Potatismannen · age_up castle |
| 15:26 | Ancalagon · wall_segment Stone Wall x6 |
| 15:26 | Potatismannen · first_building Castle |
| 15:44 | [AJJRR] Minillop · age_up castle |
| 16:05 | Leakan · wall_segment Palisade Wall x7 |
| 16:08 | Ancalagon · wall_segment Stone Wall x17 |
| 16:24 | deju30 · age_up castle |
| 16:27 | Leakan · wall_segment Palisade Wall x3 |
| 16:57 | deju30 · first_market_buy 100 stone |
| 17:18 | sebas0995932 · wall_segment Stone Wall x12 |
| 17:31 | Supernatural Puttato · first_market_sell 100 wood |
| 17:38 | Ancalagon · age_up castle |
| 17:46 | sebas0995932 · wall_segment Stone Wall x5 |
| 17:46 | w h i z. · age_up castle |
| 17:50 | sebas0995932 · wall_segment Stone Wall x1 |
| 18:00 | deju30 · wall_segment Palisade Wall x2 |
| 18:39 | Supernatural Puttato · first_market_buy 100 food |
| 19:19 | sebas0995932 · wall_segment Stone Wall x11 |
| 19:21 | Potatismannen · first_building Barracks |
| 19:21 | sebas0995932 · wall_segment Stone Wall x6 |
| 19:48 | Leakan · first_market_sell 100 wood |
| 20:04 | Potatismannen · wall_segment Stone Wall x3 |
| 20:27 | Ancalagon · first_market_buy 100 wood |
| 20:29 | Potatismannen · first_building Archery Range |
| 21:01 | sebas0995932 · first_market_buy 100 food |
| 21:16 | Supernatural Puttato · age_up castle |
| 21:21 | Leakan · wall_segment Stone Wall x1 |
| 21:28 | Leakan · wall_segment Stone Wall x1 |
| 21:28 | Leakan · wall_segment Stone Wall x1 |
| 21:30 | Potatismannen · first_building Siege Workshop |
| 21:38 | [AJJRR] Minillop · first_building Castle |
| 22:06 | Supernatural Puttato · wall_segment Stone Wall x4 |
| 22:10 | Ancalagon · first_building Donjon |
| 22:18 | Leakan · first_building Stable |
| 22:53 | Leakan · age_up castle |
| 23:23 | deju30 · wall_segment Palisade Wall x4 |
| 23:49 | sebas0995932 · age_up castle |
| 24:02 | sebas0995932 · first_building Castle |
| 24:18 | sebas0995932 · first_building Siege Workshop |
| 24:29 | sebas0995932 · wall_segment Palisade Wall x1 |
| 24:33 | sebas0995932 · wall_segment Palisade Wall x1 |
| 25:06 | deju30 · first_building Monastery |
| 25:22 | sebas0995932 · first_market_sell 100 stone |
| 25:51 | Potatismannen · wall_segment Stone Wall x3 |
| 26:16 | deju30 · first_market_sell 100 food |
| 26:37 | deju30 · first_building Barracks |
| 26:50 | Ancalagon · wall_segment Stone Wall x2 |
| 27:19 | deju30 · first_building Stable |
| 27:27 | Supernatural Puttato · wall_segment Stone Wall x4 |
| 27:35 | Supernatural Puttato · wall_segment Stone Wall x29 |
| 27:54 | Ancalagon · first_building Castle |
| 27:59 | Ancalagon · first_market_sell 100 food |
| 28:03 | [AJJRR] Minillop · first_building Barracks |
| 28:05 | Ancalagon · first_building Monastery |
| 28:26 | Leakan · first_market_buy 100 stone |
| 29:10 | [AJJRR] Minillop · first_building Stable |
| 29:18 | deju30 · age_up imperial |
| 29:33 | Supernatural Puttato · first_building Monastery |
| 29:40 | Leakan · first_building Monastery |
| 30:43 | Supernatural Puttato · wall_segment Stone Wall x1 |
| 30:44 | sebas0995932 · wall_segment Stone Wall x1 |
| 31:17 | [AJJRR] Minillop · age_up imperial |
| 31:32 | Ancalagon · first_building Stable |
| 32:37 | Ancalagon · age_up imperial |
| 32:53 | w h i z. · first_building Castle |
| 33:14 | sebas0995932 · wall_segment Stone Wall x7 |
| 33:27 | w h i z. · first_building Monastery |
| 33:51 | Supernatural Puttato · age_up imperial |
| 34:31 | Supernatural Puttato · first_building Castle |
| 34:55 | sebas0995932 · first_building Stable |
| 35:46 | Leakan · first_building Castle |
| 36:27 | Ancalagon · wall_segment Stone Wall x6 |
| 36:40 | Potatismannen · age_up imperial |
| 37:24 | w h i z. · age_up imperial |
| 37:32 | Ancalagon · tribute_sent a jugador 2 |
| 37:32 | Ancalagon · tribute_sent a jugador 3 |
| 37:32 | Ancalagon · tribute_sent a jugador 4 |
| 37:32 | Ancalagon · tribute_sent a jugador 5 |
| 37:32 | Ancalagon · tribute_sent a jugador 6 |
| 37:32 | Ancalagon · tribute_sent a jugador 7 |
| 37:32 | Ancalagon · tribute_sent a jugador 8 |
| 37:32 | Leakan · tribute_sent a jugador 1 |
| 37:32 | Leakan · tribute_sent a jugador 2 |
| 37:32 | Leakan · tribute_sent a jugador 4 |
| 37:32 | Leakan · tribute_sent a jugador 5 |
| 37:32 | Leakan · tribute_sent a jugador 6 |
| 37:32 | Leakan · tribute_sent a jugador 7 |
| 37:32 | Leakan · tribute_sent a jugador 8 |
| 37:33 | Potatismannen · tribute_sent a jugador 1 |
| 37:33 | Potatismannen · tribute_sent a jugador 2 |
| 37:33 | Potatismannen · tribute_sent a jugador 3 |
| 37:33 | Potatismannen · tribute_sent a jugador 4 |
| 37:33 | Potatismannen · tribute_sent a jugador 5 |
| 37:33 | Potatismannen · tribute_sent a jugador 6 |
| 37:33 | Potatismannen · tribute_sent a jugador 8 |
| 37:36 | Supernatural Puttato · tribute_sent a jugador 1 |
| 37:36 | Supernatural Puttato · tribute_sent a jugador 2 |
| 37:36 | Supernatural Puttato · tribute_sent a jugador 3 |
| 37:36 | Supernatural Puttato · tribute_sent a jugador 4 |
| 37:36 | Supernatural Puttato · tribute_sent a jugador 6 |
| 37:36 | Supernatural Puttato · tribute_sent a jugador 7 |
| 37:36 | Supernatural Puttato · tribute_sent a jugador 8 |
| 38:03 | Ancalagon · wall_segment Stone Wall x8 |
| 38:14 | Ancalagon · tribute_sent a jugador 2 |
| 38:14 | Ancalagon · tribute_sent a jugador 3 |
| 38:14 | Ancalagon · tribute_sent a jugador 4 |
| 38:14 | Ancalagon · tribute_sent a jugador 5 |
| 38:14 | Ancalagon · tribute_sent a jugador 6 |
| 38:14 | Ancalagon · tribute_sent a jugador 7 |
| 38:14 | Ancalagon · tribute_sent a jugador 8 |
| 38:50 | Ancalagon · wall_segment Stone Wall x18 |
| 39:01 | Leakan · wall_segment Stone Wall x5 |
| 39:27 | Ancalagon · wall_segment Stone Wall x10 |
| 39:43 | sebas0995932 · age_up imperial |
| 40:04 | Supernatural Puttato · wall_segment Stone Wall x7 |
| 40:33 | Ancalagon · wall_segment Stone Wall x1 |
| 40:51 | Supernatural Puttato · wall_segment Stone Wall x1 |
| 41:34 | Leakan · age_up imperial |
| 42:44 | Ancalagon · resign |
| 42:49 | Leakan · wall_segment Stone Wall x5 |
[ AI ANALYSIS · 1 CREDIT ]
What really happened in this match?
Wolo.gg analyzes every decision: build order, eco, micro, common mistakes by bracket. Personalized analysis on WhatsApp or Discord in 30 seconds.
Civ guide
Persians
Perfil
Supernatural Puttato